[Event "Titled Tuesday Blitz February 21 Late 2023"]
[White "Chabris, Christopher"]
[Black "Kielinkei"]
[WhiteFideId "2005263"]
[WhiteElo "2053"]
[BlackElo "2387"]
[Result "0-1"]
[Round "05"]
[TimeControl "180+2"]
[Date "2023.02.21"]
[WhiteClock "0:00:11"]
[BlackClock "0:01:48"]

1. e4 Nf6 2. e5 Nd5 3. d4 d6 4. c4 Nb6 5. exd6 exd6 6. Nc3 Be7 7. Be3 O-O 8. Bd3 Bf6 9. Nge2 Nc6 10. a3 d5 11. c5 Nc4 12. Bxc4 dxc4 13. O-O Bf5 14. d5 Ne5 15. Bd4 Nd3 16. Bxf6 Qxf6 17. b3 cxb3 18. Qxb3 Nxc5 19. Qc4 b6 20. Rfd1 Rfe8 21. Ng3 Bc2 22. Rdc1 Bd3 23. Qg4 Nb3 24. Nh5 Qg6 0-1


[Site "https://www.chess.com"]

[Event "Titled Tuesday Blitz February 21 Late 2023"]
[White "Ardila, Oscar Humberto"]
[Black "Carrasco Miranda, Andres"]
[WhiteFideId "4404742"]
[BlackFideId "3405990"]
[WhiteElo "1982"]
[BlackElo "2240"]
[Result "1-0"]
[Round "05"]
[TimeControl "180+2"]
[Date "2023.02.21"]
[WhiteClock "0:00:05"]
[BlackClock "0:00:03"]

1. d4 Nf6 2. c4 g6 3. Nc3 d5 4. Nf3 Bg7 5. e3 O-O 6. Be2 c5 7. O-O cxd4 8. Nxd4 dxc4 9. Bxc4 Qc7 10. Qb3 a6 11. Bd2 e5 12. Nf3 Nc6 13. Nd5 Nxd5 14. Bxd5 Re8 15. Ng5 Nd8 16. Rac1 Qe7 17. e4 h6 18. Nf3 Bg4 19. Qb6 Bxf3 20. gxf3 Ne6 21. Kh1 Qf6 22. Qb3 Nd4 23. Qe3 Nxf3 24. Bc3 Rad8 25. Kg2 Nd4 26. Qg3 Ne2 27. Qf3 Qg5+ 28. Kh1 Nxc1 29. Rg1 Qh5 30. Bxf7+ Kh7 31. Qxh5 gxh5 32. Bxe8 Rxe8 33. Rxc1 Rf8 34. Kg2 Rf4 35. f3 Kg6 36. Rd1 Rf7 37. Rd6+ Kh7 38. Re6 Rc7 39. Kg3 Rc5 40. a3 Rb5 41. Kh4 Kg8 42. Kxh5 Kf7 43. Rd6 Bf8 44. Rd7+ Ke6 45. Rd8 Be7 46. Rh8 Rb3 47. Rxh6+ Kd7 48. Rh7 Kd8 49. Kg6 Bxa3 50. Rh8+ Kd7 51. Bxe5 Bxb2 52. Bxb2 Rxb2 53. f4 a5 54. Kf5 a4 55. Rh7+ Kc6 56. Rh6+ Kb5 57. Rh3 Rb3 58. Rh7 b6 59. Rh8 a3 60. Ra8 Kb4 61. e5 Rb2 62. e6 a2 63. e7 Re2 64. Rxa2 Rxe7 65. Rb2+ Kc5 66. Kf6 Rh7 67. f5 b5 68. Rc2+ Kd4 69. Kg6 Rb7 70. f6 b4 71. f7 b3 72. Rb2 Rb8 73. Kg7 Kc3 74. Rb1 b2 75. Rxb2 Rxb2 76. f8=Q Rg2+ 77. Kf7 Rf2+ 78. Ke8 Rxh2 79. Qg7+ Kd2 80. Qg3 Re2+ 81. Kd7 Re3 82. Qg5 Kd3 83. Kd6 Re4 84. Qg6 Ke3 85. Kd5 Rd4+ 86. Kc5 Re4 87. Qf5 Rf4 88. Qg5 Ke4 89. Qd5+ Ke3 90. Qd6 Ke4 91. Kc4 Kf3+ 92. Kd3 Kg4 93. Ke3 Rf3+ 94. Ke4 1-0


[Site "https://www.chess.com"]

[Event "Titled Tuesday Blitz February 21 Late 2023"]
[White "Simonovic, Miroslav"]
[Black "Kovalevsky, Stanislav"]
[WhiteFideId "919152"]
[BlackFideId "13508598"]
[WhiteElo "2082"]
[BlackElo "2237"]
[Result "0-1"]
[Round "05"]
[TimeControl "180+2"]
[Date "2023.02.21"]
[WhiteClock "0:00:12"]
[BlackClock "0:00:16"]

1. d4 d5 2. Bg5 Nd7 3. e3 f6 4. Bh4 g5 5. Bg3 h5 6. Be2 g4 7. h3 c5 8. hxg4 Qa5+ 9. c3 cxd4 10. exd4 Qb6 11. Qc2 e5 12. dxe5 Nxe5 13. Bxe5 fxe5 14. Rxh5 Rxh5 15. gxh5 Ne7 16. Na3 Bf5 17. Qa4+ Nc6 18. Bb5 Bc5 19. Qh4 Bxa3 20. Bxc6+ Qxc6 21. Ne2 Bxb2 22. Rd1 Bc2 23. Rd2 Bxc3 24. Nxc3 Qxc3 25. Qf6 Kd7 26. Qf7+ Kc6 27. Qxd5+ Kb6 28. Qd6+ Ka5 29. Kf1 Qa1+ 30. Ke2 Ba4 31. Rd5+ Bb5+ 32. Kf3 Qxa2 33. Qc7+ b6 34. Rxe5 Rf8+ 35. Kg4 Qxf2 36. Qc3+ Ka6 37. Qa3+ Kb7 38. Qe7+ Ka8 39. Kh3 Qf7 40. Qd6 Qd7+ 41. Qxd7 Bxd7+ 42. Kh4 b5 43. h6 Rh8 44. Kg5 b4 45. Re7 Bc6 46. h7 b3 47. Kg6 b2 48. Kg7 Rxh7+ 49. Kxh7 b1=Q+ 50. Kh6 Qd3 51. Rg7 Bxg2 52. Rxg2 a5 53. Rg8+ Kb7 54. Rg7+ Kb6 55. Rg5 a4 56. Kh5 a3 57. Rg6+ Kb5 58. Rg5+ Kb4 59. Rg4+ Kb3 60. Kh4 a2 61. Rg3 Qxg3+ 62. Kxg3 a1=Q 63. Kf4 Qc3 64. Ke4 Kc4 65. Kf5 Qd4 66. Ke6 Qd5+ 67. Kf6 Kc5 68. Ke7 Kc6 69. Kf6 Qe4 70. Kf7 Kd6 71. Kf6 Qe5+ 72. Kf7 Qf5+ 73. Kg7 Ke7 74. Kh6 Qg4 75. Kh7 Kf7 76. Kh8 Qg7# 0-1


[Site "https://www.chess.com"]

[Event "Titled Tuesday Blitz February 21 Late 2023"]
[White "Nunez V, Gustavo Eduardo"]
[Black "Kohler, Aran"]
[WhiteFideId "4403690"]
[BlackFideId "1002856"]
[WhiteElo "2212"]
[BlackElo "2010"]
[Result "1-0"]
[Round "05"]
[TimeControl "180+2"]
[Date "2023.02.21"]
[WhiteClock "0:00:15"]
[BlackClock "0:00:10"]

1. e4 c6 2. d4 d5 3. Nc3 dxe4 4. Nxe4 Bf5 5. Ng3 Bg6 6. Nh3 e6 7. Nf4 Bd6 8. Be2 Ne7 9. O-O Qc7 10. Nxg6 hxg6 11. c4 Nf5 12. f4 Nxg3 13. hxg3 c5 14. Be3 Nd7 15. Qa4 Ke7 16. Rfd1 cxd4 17. Bxd4 Bc5 18. Bf3 Nb6 19. Qb5 Bxd4+ 20. Rxd4 Rad8 21. Rad1 Rxd4 22. Rxd4 Rd8 23. Qb4+ Kf6 24. Rxd8 Qxd8 25. Qc3+ Ke7 26. c5 Nd5 27. Qxg7 Nf6 28. Kh2 Qd4 29. c6 Ng4+ 30. Bxg4 Qxg7 31. cxb7 Qf8 32. b4 Kd6 33. Bf3 Kc7 34. b5 Qa3 35. Bc6 Qxa2 36. Kh3 Qe2 37. g4 Qe3+ 38. g3 Qxf4 39. gxf4 a5 40. bxa6 Kb8 41. Kh4 f5 42. gxf5 exf5 43. Kg5 Ka7 44. Kxg6 Kb8 45. Kxf5 Ka7 46. Ke6 Kb8 47. Kd7 Ka7 48. f5 Kb8 49. f6 Ka7 50. f7 Kxa6 51. b8=Q Ka5 52. Qb5# 1-0


[Site "https://www.chess.com"]

[Event "Titled Tuesday Blitz February 21 Late 2023"]
[White "Sarkar, Justin"]
[Black "Curtis, John"]
[WhiteFideId "2010011"]
[BlackFideId "3200256"]
[WhiteElo "2309"]
[BlackElo "2292"]
[Result "1/2-1/2"]
[Round "05"]
[TimeControl "180+2"]
[Date "2023.02.21"]
[WhiteClock "0:00:05"]
[BlackClock "0:00:23"]

1. d4 Nf6 2. c4 g6 3. Nc3 d5 4. Bg5 Ne4 5. Bf4 Nxc3 6. bxc3 Bg7 7. e3 O-O 8. cxd5 Qxd5 9. Qb3 Qa5 10. Qb4 Qxb4 11. cxb4 c6 12. Rc1 Be6 13. a3 Nd7 14. Nf3 Bd5 15. Be2 Bxf3 16. Bxf3 e5 17. dxe5 Nxe5 18. Be2 Rfd8 19. Rd1 Rxd1+ 20. Kxd1 a5 21. b5 cxb5 22. Bxb5 Ng4 23. Ke2 Bf8 24. a4 Rc8 25. Bd7 Rc2+ 26. Kd3 Nxf2+ 27. Kxc2 Nxh1 28. Bc7 Bc5 29. Bxa5 Bxe3 30. Bc8 b6 31. Be1 Nf2 32. Bxf2 Bxf2 33. g4 Bg1 34. h3 h5 35. gxh5 gxh5 36. Kd3 Kg7 37. Ke4 Kh6 38. Kf5 Bd4 39. Bd7 Kg7 40. Bc8 h4 41. Bd7 Bf2 42. Bc8 Kf8 43. Bd7 Ke7 44. Bb5 Kd6 45. Bc4 Kc5 46. Bxf7 Kb4 47. Be8 Ka5 48. Kg4 Be1 49. Bb5 Bg3 50. Kh5 Be1 51. Kg4 Bg3 52. Kh5 Be1 53. Kg4 1/2-1/2


[Site "https://www.chess.com"]

[Event "Titled Tuesday Blitz February 21 Late 2023"]
[White "Uzcategui Rodriguez, Alejandro"]
[Black "Marin Ramirez, Gerardo"]
[WhiteFideId "3903400"]
[BlackFideId "3901068"]
[WhiteElo "2255"]
[BlackElo "2127"]
[Result "1-0"]
[Round "05"]
[TimeControl "180+2"]
[Date "2023.02.21"]
[WhiteClock "0:00:20"]
[BlackClock "0:00:01"]

1. e4 c5 2. Nf3 d6 3. d4 cxd4 4. Nxd4 Nf6 5. Nc3 a6 6. Bc4 e6 7. Bb3 Nbd7 8. f4 Nc5 9. f5 Nxb3 10. axb3 Be7 11. Qf3 O-O 12. O-O Bd7 13. Bg5 Qb6 14. Be3 Qc7 15. Rad1 e5 16. Nde2 h6 17. g4 Bc6 18. h4 Nh7 19. Rd5 Bxh4 20. g5 Bxg5 21. Bxg5 Nxg5 22. Qh5 f6 23. Kg2 Bxd5 24. Nxd5 Qxc2 25. Ne7+ Kh8 26. Rh1 Qxe4+ 27. Kf2 Rac8 28. Rh4 Qb1 29. Qg6 Rc7 30. Nd5 Rc2 31. Ne3 Rxe2+ 32. Kxe2 Qxb2+ 33. Kf1 Rc8 34. Rxh6+ gxh6 35. Qxf6+ Kg8 36. Qg6+ Kf8 37. Qxh6+ Ke8 38. Qg6+ Nf7 39. Qg8+ Kd7 40. Qxf7+ Kc6 41. Qd5+ Kb6 42. Qxd6+ Ka7 43. Nc4 Qd4 44. Qxd4+ exd4 45. Ke2 Rf8 46. Nd6 Rxf5 47. Nxf5 b5 48. Nxd4 Kb6 49. Kd3 Kc5 50. Kc3 a5 51. Nc2 Kd5 52. Nd4 Kc5 53. Ne6+ Kd5 54. Nc7+ Kc6 55. Ne6 Kd5 56. Nf4+ Kc5 57. Nd3+ Kd5 58. Nc1 1-0


[Site "https://www.chess.com"]

[Event "Titled Tuesday Blitz February 21 Late 2023"]
[White "Adel, Sara"]
[Black "Skaric, Djuro"]
[WhiteFideId "10616764"]
[BlackFideId "934569"]
[WhiteElo "1739"]
[BlackElo "2334"]
[Result "1-0"]
[Round "05"]
[TimeControl "180+2"]
[Date "2023.02.21"]
[WhiteClock "0:00:21"]
[BlackClock "0:00:12"]

1. e4 d6 2. Nc3 g6 3. f4 Bg7 4. Nf3 Nf6 5. Bc4 Nc6 6. d3 a6 7. a4 O-O 8. O-O Bg4 9. Qe1 Bxf3 10. Rxf3 Nd4 11. Rh3 Nxc2 12. Qh4 h5 13. f5 Kh7 14. Bxf7 Rxf7 15. fxg6+ Kxg6 16. Nd5 Kh7 17. Nxf6+ Rxf6 18. Qxh5+ Kg8 19. Rb1 c6 20. Bg5 Qb6+ 21. Kh1 Qd4 22. Qh7+ Kf7 23. Bxf6 exf6 24. Rg3 Rg8 25. Rf1 Qxb2 26. h4 Nd4 27. Qg6+ Ke7 28. Rxf6 Bxf6 29. Qxg8 Ne6 30. Qh7+ Ke8 31. Qg6+ Ke7 32. Rf3 Qa1+ 33. Kh2 Qe5+ 34. g3 d5 35. Qh7+ Kd6 36. Qg6 dxe4 37. Rxf6 e3 38. d4 Qd5 39. Qd3 Qa2+ 40. Kh3 e2 41. Qe3 Ke7 42. Rf2 Qd5 43. Rxe2 Kd6 44. Qh6 Kd7 45. Qh7+ Kd6 46. Qh6 Qh1+ 47. Kg4 Qd5 48. Re5 Qxd4+ 49. Kf5 Qxe5+ 50. Kg6 Qe4+ 51. Kf7 Qg4 52. Qf6 Kd5 53. Qg7 Nd4 54. Qxg4 c5 55. Qg5+ Kc4 56. h5 b5 57. h6 b4 58. Qc1+ Kb3 59. h7 c4 60. h8=Q Nc2 61. Qhb2+ Kxa4 62. Qcxc2+ Kb5 63. Qxc4+ 1-0


[Site "https://www.chess.com"]

[Event "Titled Tuesday Blitz February 21 Late 2023"]
[White "Kovacs, Klara"]
[Black "Michalski, Olaf"]
[WhiteFideId "733210"]
[BlackFideId "1106740"]
[WhiteElo "2121"]
[BlackElo "2273"]
[Result "1-0"]
[Round "05"]
[TimeControl "180+2"]
[Date "2023.02.21"]
[WhiteClock "0:01:05"]
[BlackClock "0:00:01"]

1. d4 d6 2. e4 Nc6 3. Nc3 Nf6 4. Bg5 h6 5. Bh4 g6 6. Nf3 Bg7 7. Bb5 O-O 8. Qd2 a6 9. Bd3 e5 10. d5 Ne7 11. O-O-O g5 12. Bg3 Ng6 13. h4 g4 14. Nh2 h5 15. f3 Kh7 16. Kb1 Bh6 17. Qe1 Nf4 18. Rg1 Rg8 19. Be2 gxf3 20. gxf3 b5 21. Nf1 b4 22. Na4 Bd7 23. b3 Bxa4 24. bxa4 Qd7 25. Bc4 Nh3 26. Rg2 Nf4 27. Bb3 Nxg2 28. Qf2 Nf4 29. Ne3 Nh3 30. Qe2 Bxe3 31. Qxe3 Nf4 32. Bxf4 exf4 33. Qxf4 Qe7 34. c4 Qe5 35. Qe3 Rg2 36. Bc2 Qg3 37. e5+ Kh8 38. exf6 1-0


[Site "https://www.chess.com"]

[Event "Titled Tuesday Blitz February 21 Late 2023"]
[White "Calcada, Lucas Galvan"]
[Black "Delgado Rosas, Fatima Alexandra"]
[WhiteFideId "22746099"]
[BlackFideId "6603963"]
[WhiteElo "1739"]
[BlackElo "1500"]
[Result "0-1"]
[Round "05"]
[TimeControl "180+2"]
[Date "2023.02.21"]
[WhiteClock "0:01:09"]
[BlackClock "0:01:44"]

1. e4 Nc6 2. d4 d5 3. e5 Bf5 4. Nf3 e6 5. Bd3 Nge7 6. O-O h5 7. c4 dxc4 8. Bxc4 Nd5 9. Nc3 Nb6 10. Bb5 Bb4 11. Be3 Bxc3 12. bxc3 Qd7 13. Ng5 f6 14. Nf3 O-O-O 15. a4 a6 16. a5 Nd5 17. Bxc6 Qxc6 18. c4 Qxc4 19. Rc1 Qd3 20. Qxd3 Bxd3 21. Rfd1 Be2 22. Rd2 Bxf3 23. gxf3 fxe5 24. dxe5 Nxe3 25. Rxd8+ Rxd8 26. fxe3 Rd5 27. f4 Rxa5 28. Kf2 Ra2+ 29. Kg3 g6 30. Kh4 Rxh2+ 31. Kg5 Re2 32. Rc3 b5 33. Kf6 b4 34. Rb3 Kd7 35. Rd3+ Kc6 36. Kxe6 h4 37. Ke7 h3 38. Kf7 h2 39. Rd1 Rxe3 40. e6 Re4 41. e7 Rxf4+ 42. Kxg6 Re4 43. Kf7 Rf4+ 44. Ke6 Re4+ 45. Kf7 a5 46. Ke8 a4 47. Kd8 Rxe7 48. Kxe7 a3 49. Rh1 a2 50. Rc1+ Kb6 0-1


[Site "https://www.chess.com"]

[Event "Titled Tuesday Blitz February 21 Late 2023"]
[White "Chemin, Justo Reinaldo"]
[Black "Jorajuria Mendoza, Algol"]
[WhiteFideId "2101580"]
[BlackFideId "5128897"]
[WhiteElo "2040"]
[BlackElo "2069"]
[Result "0-1"]
[Round "05"]
[TimeControl "180+2"]
[Date "2023.02.21"]
[WhiteClock "0:00:06"]
[BlackClock "0:00:03"]

1. d4 d5 2. Nf3 Nf6 3. Bf4 c5 4. e3 Nc6 5. c3 Qb6 6. Qb3 c4 7. Qc2 Bf5 8. Qc1 h6 9. h3 e6 10. Nbd2 Be7 11. Be2 O-O 12. b3 cxb3 13. axb3 Rfc8 14. Qb2 a6 15. O-O Na5 16. Rfc1 Ne4 17. b4 Nc4 18. Nxc4 dxc4 19. Ne5 Nd6 20. Qa2 Qb5 21. f3 h5 22. e4 Bh7 23. Qa5 Qe8 24. Qb6 f6 25. Ng6 Bxg6 26. Bxd6 Rc6 27. Qxb7 Bxd6 28. b5 Rc7 29. Qb6 Bg3 30. bxa6 Qc6 31. Qxc6 Rxc6 32. Ra4 Raxa6 33. Rxa6 Rxa6 34. Bxc4 Ra3 35. Bxe6+ Bf7 36. Bxf7+ Kxf7 37. c4 Rd3 38. d5 Bf4 39. Rb1 Be3+ 40. Kf1 Rc3 41. Ke2 Bc5 42. Rb7+ Kg6 43. Rc7 Rxc4 44. d6 Rc2+ 45. Kd3 Rc1 46. Rxc5 Rd1+ 47. Ke3 Rxd6 48. Kf4 Rd7 49. g4 hxg4 50. hxg4 Re7 51. Rc6 Rd7 52. g5 Re7 53. gxf6 gxf6 54. Rd6 Re5 55. Rd5 Re7 56. Rf5 Rf7 57. e5 fxe5+ 0-1


[Site "https://www.chess.com"]

[Event "Titled Tuesday Blitz February 21 Late 2023"]
[White "Smith, Garrett L"]
[Black "Eliteplayer3"]
[WhiteFideId "2024829"]
[WhiteElo "2047"]
[BlackElo "1962"]
[Result "1-0"]
[Round "05"]
[TimeControl "180+2"]
[Date "2023.02.21"]
[WhiteClock "0:00:14"]
[BlackClock "0:00:33"]

1. e4 c6 2. d4 d5 3. e5 Bf5 4. Nd2 e6 5. Nb3 Ne7 6. Nf3 Ng6 7. Be2 Be7 8. O-O O-O 9. Bd2 Nd7 10. c4 f6 11. cxd5 exd5 12. exf6 Nxf6 13. Nc5 Bxc5 14. dxc5 Ne4 15. Be3 Qc7 16. Qd4 Nf4 17. Bxf4 Qxf4 18. Rfe1 Rae8 19. Bd3 Qg4 20. Re2 Re6 21. h3 Qh5 22. Nh2 Rg6 23. Qe3 Bxh3 24. Bxe4 dxe4 25. g3 Bg4 26. Nxg4 Qxg4 27. Rae1 Re8 28. Qb3+ Kh8 29. Qxb7 Rh6 30. Rxe4 Rh1+ 31. Kxh1 Qf3+ 32. Kg1 Rf8 33. R1e2 h5 34. Re8 Qxe2 35. Rxe2 Kh7 36. Qxc6 1-0


[Site "https://www.chess.com"]

[Event "Titled Tuesday Blitz February 21 Late 2023"]
[White "Dias, Joao Batista"]
[Black "Lucassen, Mickey"]
[WhiteFideId "2108240"]
[BlackFideId "12919110"]
[WhiteElo "1796"]
[BlackElo "2023"]
[Result "0-1"]
[Round "05"]
[TimeControl "180+2"]
[Date "2023.02.21"]
[WhiteClock "0:01:03"]
[BlackClock "0:01:34"]

1. e4 Nc6 2. Nf3 d6 3. d4 Nf6 4. Bd3 g6 5. O-O Bg7 6. c3 O-O 7. h3 a5 8. Bg5 h6 9. Bxf6 Bxf6 10. Nbd2 e5 11. d5 Ne7 12. c4 Bg7 13. Nh2 f5 14. f3 f4 15. Rf2 g5 16. Nhf1 Ng6 17. Nh2 h5 18. Kh1 Kh7 19. Be2 Bh6 20. b3 Rg8 21. Qc2 Nf8 22. Qd3 Nd7 23. Qc3 Nf6 24. a4 g4 25. fxg4 hxg4 26. hxg4 Nxg4 27. Rf3 Ne3 28. Bf1 Qh4 29. Kg1 Bd7 30. Qd3 Rg7 31. Rxe3 fxe3 32. Ndf3 Qf2+ 33. Kh1 Rag8 34. Re1 Rxg2 35. Re2 Rxh2+ 36. Nxh2 Rg1# 0-1


[Site "https://www.chess.com"]

[Event "Titled Tuesday Blitz February 21 Late 2023"]
[White "Benmesbah, Natacha"]
[Black "Gamboa, Juan Pablo"]
[WhiteFideId "642002"]
[BlackFideId "105180"]
[WhiteElo "2261"]
[BlackElo "2224"]
[Result "1-0"]
[Round "05"]
[TimeControl "180+2"]
[Date "2023.02.21"]
[WhiteClock "0:00:40"]
[BlackClock "0:00:55"]

1. e4 e6 2. Qe2 Be7 3. Nf3 Nc6 4. g3 e5 5. Bg2 d6 6. O-O Bg4 7. c3 Nf6 8. d3 Qd7 9. Nbd2 Bh3 10. d4 exd4 11. cxd4 O-O-O 12. d5 Ne5 13. Nxe5 dxe5 14. Nc4 Bxg2 15. Kxg2 Bd6 16. Qd3 h5 17. h4 Qg4 18. Re1 Nh7 19. Qf3 Qxf3+ 20. Kxf3 f6 21. Be3 g5 22. Rac1 g4+ 23. Kg2 Kb8 24. a3 Nf8 25. b4 Ng6 26. Bc5 Rhf8 27. Be3 f5 28. exf5 Rxf5 29. Nd2 e4 30. Nxe4 Rxd5 31. Bg5 Rf8 32. Nf6 Rxg5 33. hxg5 Kc8 34. Nxh5 Ne5 35. Re4 Rh8 36. Nf4 Nf3 37. Rh1 Rxh1 38. Kxh1 Nd2 39. Re2 Nc4 40. g6 1-0


[Site "https://www.chess.com"]

[Event "Titled Tuesday Blitz February 21 Late 2023"]
[White "Ruiz Aguilar, Pablo Alexander"]
[Black "Stanisz, Patryk"]
[WhiteFideId "4401352"]
[BlackFideId "1123106"]
[WhiteElo "2161"]
[BlackElo "2161"]
[Result "0-1"]
[Round "05"]
[TimeControl "180+2"]
[Date "2023.02.21"]
[WhiteClock "0:00:01"]
[BlackClock "0:00:04"]

1. e4 c5 2. Nf3 Nc6 3. d4 cxd4 4. Nxd4 Nf6 5. Nc3 e5 6. Ndb5 d6 7. Bg5 a6 8. Na3 b5 9. Nd5 Qa5+ 10. Bd2 Qd8 11. Bg5 Be7 12. Bxf6 Bxf6 13. c4 b4 14. Nc2 a5 15. b3 Kf8 16. Bd3 Bg5 17. O-O Rb8 18. Kh1 h5 19. f4 exf4 20. Nxf4 Kg8 21. Ne3 Ne5 22. Ned5 Bg4 23. Qc2 Rh6 24. h3 Be6 25. Be2 Qd7 26. Kh2 h4 27. Nxe6 fxe6 28. Nf4 Rf6 29. Nh5 Rf7 30. Rxf7 Qxf7 31. Qd1 Rf8 32. Qxd6 Bf4+ 33. Nxf4 Qxf4+ 34. Kh1 Qxe4 35. Qxe6+ Kh8 36. Rf1 Rxf1+ 37. Bxf1 Qe1 38. Qf5 g5 39. Kh2 Qg3+ 40. Kg1 Qe3+ 41. Qf2 Qxf2+ 42. Kxf2 Kg7 43. Ke3 Kf6 44. Kd4 g4 45. hxg4 Nxg4 46. Kc5 Ne3 47. Be2 Nxg2 0-1


[Site "https://www.chess.com"]

[Event "Titled Tuesday Blitz February 21 Late 2023"]
[White "Avgoustopoulos, Christian"]
[Black "Fajdetic, Hrvoje"]
[WhiteFideId "2122294"]
[BlackFideId "14501945"]
[WhiteElo "1969"]
[BlackElo "2151"]
[Result "1-0"]
[Round "05"]
[TimeControl "180+2"]
[Date "2023.02.21"]
[WhiteClock "0:00:11"]
[BlackClock "0:00:17"]

1. e4 c5 2. Nf3 a6 3. d4 cxd4 4. Nxd4 Nf6 5. Bd3 e5 6. Nb3 Nc6 7. O-O d5 8. exd5 Nxd5 9. Re1 Be6 10. Bd2 Be7 11. Nc3 O-O 12. Qe2 f6 13. Rad1 Qc7 14. Qe4 f5 15. Nxd5 fxe4 16. Nxc7 exd3 17. Nxe6 dxc2 18. Rc1 Rf6 19. Nec5 a5 20. Ne4 Rg6 21. Rxc2 a4 22. Nbc5 Nd4 23. Rc3 b5 24. Rg3 Rc8 25. Rxg6 hxg6 26. Nd3 Rc2 27. Bc3 a3 28. Bxd4 exd4 29. bxa3 Rxa2 30. Rb1 Rxa3 31. Ne5 b4 32. g3 b3 33. Nd2 Bf6 34. Nxg6 d3 35. Nf4 b2 36. Nxd3 Ra1 37. Nxb2 Rxb1+ 38. Nxb1 Bxb2 39. Nd2 Bf6 40. Ne4 Be5 41. Kg2 Kf7 42. f4 Bb8 43. Kf3 Kg6 44. g4 Kh7 45. h4 Kh6 46. Ng5 g6 47. Ke4 Bc7 48. f5 Bd8 49. Nf7+ Kg7 50. Nxd8 Kf6 51. fxg6 Kxg6 52. Kf4 Kh6 53. g5+ Kg6 54. Kg4 Kh7 55. Kh5 Kg7 56. g6 Kh8 57. Kg5 Kg8 58. Ne6 Kh8 59. Nf4 Kg7 60. h5 Kg8 61. Kh6 Kh8 62. g7+ Kg8 63. Ne2 Kf7 64. Kh7 1-0


[Site "https://www.chess.com"]

[Event "Titled Tuesday Blitz February 21 Late 2023"]
[White "Gamage, Wanshini Vidusama"]
[Black "Jesusesmifuerza"]
[WhiteFideId "9953752"]
[WhiteElo "1089"]
[BlackElo "2009"]
[Result "0-1"]
[Round "05"]
[TimeControl "180+2"]
[Date "2023.02.21"]
[WhiteClock "0:01:06"]
[BlackClock "0:01:14"]

1. d4 d5 2. c4 e6 3. Nf3 a6 4. Bg5 Be7 5. Bxe7 Qxe7 6. e3 Nf6 7. Nc3 O-O 8. Bd3 dxc4 9. Bxc4 b5 10. Bd3 Bb7 11. O-O Nbd7 12. Qc2 c5 13. Ne4 c4 14. Nxf6+ Nxf6 15. Be2 Be4 16. Qc1 Nd5 17. Nd2 Bg6 18. Bf3 Rac8 19. a4 Nb4 20. axb5 axb5 21. Be4 Nd3 22. Bxd3 Bxd3 23. Re1 Ra8 24. Qc3 b4 25. Qc1 Rxa1 26. Qxa1 Qb7 27. Rc1 Ra8 28. Qxa8+ Qxa8 29. Nxc4 Bxc4 30. Rxc4 Qa1+ 31. Rc1 Qxc1# 0-1


[Site "https://www.chess.com"]

[Event "Titled Tuesday Blitz February 21 Late 2023"]
[White "Oliveira, Tiago Batista"]
[Black "rikchessmx"]
[WhiteFideId "2108291"]
[WhiteElo "1991"]
[BlackElo "2290"]
[Result "0-1"]
[Round "05"]
[TimeControl "180+2"]
[Date "2023.02.21"]
[WhiteClock "0:00:10"]
[BlackClock "0:01:23"]

1. d4 Nf6 2. c4 e6 3. Nf3 c5 4. d5 b5 5. cxb5 exd5 6. g3 Bb7 7. Bg2 Be7 8. O-O Qb6 9. a4 a6 10. bxa6 Nxa6 11. Na3 O-O 12. Nb5 Nb4 13. Bf4 Nh5 14. Bc7 Qc6 15. Ne5 Qe6 16. e4 d4 17. Qxh5 Bc6 18. Nxc6 dxc6 19. Na3 Rxa4 20. Rac1 Qb3 21. Qe2 d3 22. Qd2 Na2 23. Rb1 c4 24. Be5 Rd8 25. f4 Bc5+ 26. Kh1 f6 27. Bc3 Nxc3 28. Qxc3 Qxc3 29. bxc3 Rxa3 30. e5 Rxc3 31. Bxc6 d2 32. e6 Kf8 33. Rbd1 Rc2 34. f5 c3 35. Ba4 Ra2 36. Ra1 Rxa4 37. Rxa4 c2 38. Re4 d1=Q 0-1


[Site "https://www.chess.com"]

[Event "Titled Tuesday Blitz February 21 Late 2023"]
[White "Hartikainen, Jarmo"]
[Black "Kujawski, Adam"]
[WhiteFideId "503134"]
[BlackFideId "1100920"]
[WhiteElo "2108"]
[BlackElo "2173"]
[Result "0-1"]
[Round "05"]
[TimeControl "180+2"]
[Date "2023.02.21"]
[WhiteClock "0:00:09"]
[BlackClock "0:01:20"]

1. e4 e5 2. Nf3 Nc6 3. Bc4 Nf6 4. d3 d5 5. exd5 Nxd5 6. O-O Nb6 7. Bb5 Bd6 8. Re1 f6 9. d4 O-O 10. Bxc6 bxc6 11. dxe5 fxe5 12. Bg5 Qe8 13. Nbd2 Qg6 14. c3 Bf5 15. Bh4 Rae8 16. Bg3 e4 17. Nd4 e3 18. fxe3 Bxg3 19. hxg3 Qxg3 20. Qf3 Qg6 21. Nxf5 Rxf5 22. Qh3 Rh5 23. Qf3 Rf8 24. Qe2 Qh6 25. Nf3 Rh1+ 26. Kf2 Qh4+ 0-1


[Site "https://www.chess.com"]

[Event "Titled Tuesday Blitz February 21 Late 2023"]
[White "Melikhov, Evgeny V."]
[Black "Mitrovic, Darko R"]
[WhiteFideId "4122046"]
[BlackFideId "927023"]
[WhiteElo "2269"]
[BlackElo "2220"]
[Result "0-1"]
[Round "05"]
[TimeControl "180+2"]
[Date "2023.02.21"]
[WhiteClock "0:00:12"]
[BlackClock "0:00:06"]

1. d4 Nf6 2. c4 g6 3. Nc3 Bg7 4. e4 d6 5. f3 O-O 6. Be3 e5 7. d5 c5 8. Qd2 a6 9. g4 b5 10. b3 Bxg4 11. fxg4 b4 12. Na4 Nxe4 13. Qg2 Qh4+ 14. Kd1 Nc3+ 15. Nxc3 bxc3 16. Nf3 Qe7 17. Kc2 Nd7 18. h4 a5 19. a4 f5 20. gxf5 gxf5 21. Bh6 e4 22. Bxg7 exf3 23. Qxf3 Qxg7 24. Bd3 Ne5 25. Qf2 Kh8 26. Rag1 Qh6 27. Rg5 Qf6 28. Rhg1 f4 29. Rg7 Nxd3 30. Kxd3 f3 31. R1g3 Qd4+ 32. Qxd4 cxd4 33. Rg8+ Rxg8 34. Rxf3 Raf8 35. Rh3 Rg4 36. c5 dxc5 37. d6 Rd8 38. Kc4 Rxd6 39. Kxc5 Rd8 40. b4 Rdg8 41. bxa5 c2 42. Rh1 Rg1 43. Rh2 Rd1 44. Kd5 Rc8 45. Rxc2 Rc1 46. a6 R1xc2 47. a7 Ra2 48. Kd6 Ra8 49. Kd7 Rxa7+ 50. Kc6 R7xa4 51. Kb5 R4a3 52. h5 Rh3 53. h6 Rxh6 54. Kc4 Rg6 55. Kd3 Rf2 56. Ke4 Rff6 57. Kd3 Re6 58. Kc4 d3 0-1


[Site "https://www.chess.com"]

[Event "Titled Tuesday Blitz February 21 Late 2023"]
[White "Better_Chess_Faster"]
[Black "Huang, Alex"]
[BlackFideId "4302508"]
[WhiteElo "1982"]
[BlackElo "2009"]
[Result "0-1"]
[Round "05"]
[TimeControl "180+2"]
[Date "2023.02.21"]
[WhiteClock "0:01:19"]
[BlackClock "0:00:35"]

1. c4 e5 2. g3 d6 3. Bg2 f5 4. Nc3 Nf6 5. d4 e4 6. Bg5 Be7 7. f3 exf3 8. Nxf3 c6 9. O-O O-O 10. Qd2 Ne4 11. Nxe4 fxe4 12. Bxe7 Qxe7 13. Ng5 Bf5 14. Rxf5 Rxf5 15. Nxe4 Nd7 16. Nc3 Raf8 17. e4 R5f6 18. Re1 Re8 19. b4 Nb6 20. Qd3 Qf7 21. c5 Qc4 22. Qxc4+ Nxc4 23. Bf1 Nd2 24. cxd6 Nf3+ 25. Kf2 Nxe1+ 26. Kxe1 Rxd6 27. d5 cxd5 28. Kf2 dxe4 29. Bc4+ Kh8 30. Ke3 Rc8 31. Nxe4 Rd1 32. Be6 Re8 33. Bc4 Re1+ 34. Be2 Rxe2+ 35. Kxe2 Rxe4+ 36. Kd3 Rxb4 0-1


[Site "https://www.chess.com"]

[Event "Titled Tuesday Blitz February 21 Late 2023"]
[White "Lopez Perdomo, Juan David"]
[Black "Desideri, Ricardo Maruchi"]
[WhiteFideId "4405137"]
[BlackFideId "2110440"]
[WhiteElo "2029"]
[BlackElo "1959"]
[Result "1-0"]
[Round "05"]
[TimeControl "180+2"]
[Date "2023.02.21"]
[WhiteClock "0:02:34"]
[BlackClock "0:01:46"]

1. e4 c5 2. d4 cxd4 3. c3 Nf6 4. e5 Nd5 5. Nf3 e6 6. cxd4 Nc6 7. Be2 Be7 8. O-O O-O 9. Nc3 a6 10. Nxd5 exd5 11. Qb3 d6 12. Qxd5 Be6 13. Qe4 d5 14. Qf4 h6 15. Qg3 Qb6 16. Bxh6 g6 17. Bd3 Kh7 18. Ng5+ Kxh6 19. Nxe6 1-0


[Site "https://www.chess.com"]

[Event "Titled Tuesday Blitz February 21 Late 2023"]
[White "Bluebaum, Matthias"]
[Black "Nakamura, Hikaru"]
[WhiteFideId "24651516"]
[BlackFideId "2016192"]
[WhiteElo "2669"]
[BlackElo "2775"]
[Result "1-0"]
[Round "06"]
[TimeControl "180+2"]
[Date "2023.02.21"]
[WhiteClock "0:00:29"]
[BlackClock "0:00:12"]

1. d4 d6 2. Nf3 Nf6 3. c4 g6 4. Nc3 Bg7 5. e4 Bg4 6. Be2 O-O 7. Be3 Nfd7 8. h4 c5 9. d5 b5 10. cxb5 a6 11. a4 axb5 12. axb5 Rxa1 13. Qxa1 Nb6 14. Qc1 Re8 15. Bh6 Bf6 16. Qf4 Bxf3 17. gxf3 N8d7 18. h5 Qa8 19. hxg6 hxg6 20. Bg5 Qa1+ 21. Nd1 Bxb2 22. Qh4 Nf8 23. Bxe7 Nc8 24. Bg5 Bg7 25. Kf1 Qa2 26. Ne3 Qb2 27. Nc4 Qc2 28. Bf6 g5 1-0


[Site "https://www.chess.com"]